AoeStats
← ACRAGT

Nomad

509203808Analyzed
2v2 RM · 8d ago on Sep 25, 2026· 29m 27s· 4 players
Game mode
Random Map
Map size
176×176
Population
200
Speed
Normal
Resources
Standard
Victory
Conquest
Starting age
Dark Age
Ending age
Imperial Age
RankedLock teamsTeams togetherTeam positionsShared explorationLock speedFull tech treeHidden civsTurbo modeCheats
Victory
Defeat
🇬🇧 Mongols · United Kingdom
1145
+10
🇬🇧 Vikings · United Kingdom
837
+23
🇲🇽 Khmer · Mexico
1002
-17
🇧🇷 Portuguese · Brazil
1000
-48
NAMYAR
4:06 Loom
13:48 Feudal Age
14:34 Town Watch
18:41 Castle Age
20:36 Fletching
22:10 Bodkin Arrow
22:32 Double-Bit Axe
25:51 Bow Saw
29:52 Wheelbarrow
NAMKRUT
16:34 Feudal Age
18:16 Fishing Lines
18:29 Double-Bit Axe
20:11 Gold Mining
25:43 Castle Age
23:47 Stone Mining
23:45 Horse Collar
28:53 Ballistics
28:45 Siphons
28:55 Clinker Construction
28:58 Careening
sonrisgsvh1131
4:56 Loom
15:59 Feudal Age
18:39 Stone Mining
21:38 Town Watch
24:29 Fletching
27:14 Castle Age
26:12 Gold Mining
26:12 Double-Bit Axe
27:06 Wheelbarrow
26:52 Forging
ACRAGT
21:00 Feudal Age
21:41 Town Watch
21:51 Loom
27:59 Horse Collar
Connection lost

Rejoining the realm…

Still unreachable

The connection could not be restored.

Session expired

The server has moved on; the page needs a fresh start.